 Dungeon Crawl Stone Soup version 0.28-a0-863-g8cecda6153 (webtiles) character file.

Game seed: 15826992741102127317

0 meatgazer the Skirmisher (level 1, -2/18 HPs)
             Began as a Demonspawn Abyssal Knight on Nov 17, 2021.
             Was a Follower of Lugonu.
             Constricted to death by a starspawn tentacle (3 damage)
             ... attached to a tentacled starspawn
             ... on level 3 of the Abyss.
             The game lasted 00:00:33 (97 turns).

meatgazer the Skirmisher (Demonspawn Abyssal Knight)  Turns: 97, Time: 00:00:35

Health: -2/18      AC:  3    Str: 13    XL:     1   Next: 0%
Magic:  2/2        EV:  8    Int:  9    God:    Lugonu [*.....]
Gold:   39         SH:  0    Dex: 13    Spells: 0/0 levels left

rFire   . . .      SeeInvis .   a - +1 spear
rCold   . . .      Faith    .   (no shield)
rNeg    . . .      Spirit   .   b - +0 leather armour
rPois   .          Reflect  .   (no helmet)
rElec   .          Harm     .   (no cloak)
rCorr   .          Rampage  .   (no gloves)
Will    .....      Clarity  +   (no boots)
Stlth   +.........              (no amulet)
HPRegen 0.06/turn               (no ring)
MPRegen 0.08/turn               (no ring)

@: constricted
A: talons 1, clarity, dopey 1
a: Renounce Religion, Depart the Abyss


You were on level 3 of the Abyss.
You worshipped Lugonu.
Lugonu was aware of your devotion.
You visited 0 branches of the dungeon, and saw 0 of its levels.
You visited the Abyss 1 time.

You collected 39 gold pieces.

Inventory:

Hand Weapons
 a - a +1 spear (weapon)
 c - the +3 hand axe of the Yoke {flame, rF+ rCorr Dex-4}
   (You found it on level 3 of the Abyss)

   It burns those it strikes, dealing additional fire damage.
   Big, fiery blades are also staple armaments of hydra-hunters.
   Dex:       It affects your dexterity (-4).
   rF:        It protects you from fire.
   rCorr:     It protects you from acid and corrosion.
Armour
 b - a +0 leather armour (worn)
Miscellaneous
 e - a tin of tremorstones (2/2)


   Skills:
 + Level 3.0 Fighting
 + Level 1.7 Polearms
 + Level 1.7 Armour
 + Level 0.8 Dodging
 + Level 2.4 Invocations


You couldn't memorise any spells.
You didn't know any spells.
Your spell library was empty.

Dungeon Overview and Level Annotations

Branches:
Dungeon (0/15)

Altars:


Innate Abilities, Weirdness & Mutations

You have sharp toenails.
You possess an exceptional clarity of mind.
You are dopey. (Int -2)


Message History

Found a war axe.
You see here a tin of tremorstones (2/2).
e - a tin of tremorstones (2/2)
A tentacled starspawn comes into view.
Tentacles burst from the starspawn's body! 2 starspawn tentacles come into view.
Found a gateway leading deeper into the Abyss.
The starspawn tentacle closely misses you.
A red very ugly thing comes into view.
The red very ugly thing gurgles horribly!
The starspawn tentacle grabs you. The starspawn tentacle constricts you.
The starspawn tentacle's grasp on you weakens, but your attempt to escape fails.
A red very ugly thing comes into view.
The red very ugly thing basks in the mutagenic energy from its kin and changes!
A neqoxec comes into view.
The starspawn tentacle loses its grip on you.
The tentacle pulls you backwards! The starspawn tentacle grabs you.
The starspawn tentacle constricts you.
The red very ugly thing moves out of view.
The starspawn tentacle's grasp on you weakens, but your attempt to escape fails.
The neqoxec shouts!
A red ugly thing comes into view.
The starspawn tentacle constricts you.
The starspawn tentacle loses its grip on you.
The tentacle pulls you backwards!
A red very ugly thing comes into view.
You aren't carrying any scrolls.
It was a potion of mutation.
You feel extremely strange.
You feel stupid.
Your thoughts seem clearer.
Your toenails lengthen and sharpen.
The red very ugly thing gurgles horribly! x2
The red ugly thing gurgles horribly!
A red very ugly thing comes into view.
The red very ugly thing basks in the mutagenic energy from its kin and changes!
The tentacled starspawn bites you!
Ouch! That really hurt!
* * * LOW HITPOINT WARNING * * *
The tentacled starspawn completely misses you.
The starspawn tentacle grabs you. The starspawn tentacle constricts you.
You die...

......u u....#
.......#u#...
......u.....# .
#...#....u.3##.#
...............
............#.#
#...........#.#.#
#......@#.#...>#
......wX....##
#.#..........#
............##
#............#
#...........##
#............
#...........#..#
#....#......###..


You could see 4 very ugly things, a tentacled starspawn, a red ugly thing, a
neqoxec and a starspawn tentacle.

Vanquished Creatures (others)
  A starspawn tentacle (Abyss:3)
  4 tentacles (Abyss:3)
5 creatures vanquished.

Notes
Turn   | Place    | Note
-------+----------+-------------------------------------------
     0 | Abyss:1  | meatgazer the Demonspawn Abyssal Knight began the quest for
                  | the Orb.
     0 | Abyss:1  | Reached XP level 1. HP: 18/18 MP: 2/2
    44 | Abyss:2  | Noticed a great orb of eyes
    44 | Abyss:2  | Noticed a shining eye
    45 | Abyss:2  | Noticed an ophan
    45 | Abyss:2  | Noticed a great orb of eyes
    45 | Abyss:2  | Noticed a great orb of eyes
    51 | Abyss:3  | Identified the +3 hand axe of the Yoke {flame, rF+ rCorr
                  | Dex-4}
    68 | Abyss:3  | Noticed a kraken
    91 | Abyss:3  | Noticed a tentacled starspawn
    94 | Abyss:3  | Noticed a red very ugly thing
    95 | Abyss:3  | Noticed a red very ugly thing
    95 | Abyss:3  | Noticed a neqoxec
    96 | Abyss:3  | Noticed a red ugly thing
    96 | Abyss:3  | Noticed a red very ugly thing
    97 | Abyss:3  | Gained mutation: You are dopey. (Int -2) [potion of
                  | mutation]
    97 | Abyss:3  | Gained mutation: You possess an exceptional clarity of
                  | mind. [potion of mutation]
    97 | Abyss:3  | Gained mutation: You have sharp toenails. [potion of
                  | mutation]
    97 | Abyss:3  | Noticed a red very ugly thing
    97 | Abyss:3  | Constricted to death by a starspawn tentacle

Illustrated notes

Levels and vault maps discovered:
Abyss:3:  base: Temple, evilmike_nicolae_abyss_rune_betentacled_crabyss

Action                   || total
-------------------------++-------
  Use: Potion            ||     1
Dodge: Dodged            ||     2

Table legend: (Time is in decaauts)
 A = Elapsed time spent in this place.
 B = Non-inter-level travel time spent in this place.
 C = Inter-level travel time spent in this place.
 D = Time resting spent in this place.
 E = Time spent auto-exploring this place.
 F = Levels seen in this place.
 G = Mean time per level.
                   A        B        C        D        E       F      G
               +--------+--------+--------+--------+--------+-----+--------+
         Total |     96 |     96 |      0 |      0 |     28 |   3 |   32.0 |
         Abyss |     96 |     96 |      0 |      0 |     28 |   3 |   32.0 |
               +--------+--------+--------+--------+--------+-----+--------+

Top non-repeatable levels by time:
 Abyss:3: 49 daAuts
 Abyss:1: 37 daAuts
 Abyss:2: 9 daAuts
